Pick #1

Connor Bedard
Pick #2

Leo Carlsson
Pick #3

Adam Fantilli
Pick #4

Matvei Michkov
Pick #5

David Reinbacher
Pick #6

William Smith
Pick #7

Zachary Benson
Pick #8

Ryan Leonard
Pick #9

Gabriel Perreault
Pick #10

Axel Sandin-Pellika
Pick #11

Daniil But
Pick #12

Dalibor Dvorsky
Pick #13

Quentin Musty
Pick #14

Brayden Yager
Pick #15

Dmitry Simashev
Pick #16

Colby Barlow
Pick #17

Andrew Cristall
Pick #18

Easton Cowan
Pick #19

Jacob Fowler
Pick #20

Oliver Moore
Pick #21

Oliver Bonk
Pick #22

Tom Willander
Pick #23

Calum Ritchie
Pick #24

Tanner Molendyk
Pick #25

Gavin Brindley
Pick #26

Nate Danielson
Pick #27

Pick #28

Pick #29

Pick #30

Pick #31

Pick #32

Pick #33

Pick #34

Pick #35

Pick #36

Pick #37

Pick #38

Pick #39

Pick #40

Pick #41

Pick #42

Pick #43

Pick #44

Pick #45

Pick #46

Pick #47

Pick #48

Pick #49

Pick #50

Pick #51

Pick #52

Pick #53

Pick #54

Pick #55

Pick #56

Pick #57

Pick #58

Pick #59

Pick #60

Pick #61

Pick #62

Pick #63

Pick #64

Pick #65

Pick #66

Pick #67

Pick #68

Pick #69

Pick #70

Pick #71

Pick #72

Pick #73

Pick #74

Pick #75

Pick #76

Pick #77

Pick #78

Pick #79

Pick #80

Pick #81

Pick #82

Pick #83

Pick #84

Pick #85

Pick #86

Pick #87

Pick #88

Pick #89

Pick #90

Pick #91

Pick #92

Pick #93

Pick #94

Pick #95

Pick #96

Pick #97

Pick #98

Pick #99

Pick #100

Pick #101

Pick #102

Pick #103

Pick #104

Pick #105

Pick #106

Pick #107

Pick #108

Pick #109

Pick #110

Pick #111

Pick #112

Pick #113

Pick #114

Pick #115

Pick #116

Pick #117

Pick #118

Pick #119

Pick #120

Pick #121

Pick #122

Pick #123

Pick #124

Pick #125

Pick #126

Pick #127

Pick #128

Pick #129

Pick #130

Full Scoreboard »»

Ducks vs Stars

Created - December 7, 2023 at 21:22

Goals
1 2 3 OT1 T
Ducks 2 1 1 0 4
Stars 3 0 1 1 5
Shots
1 2 3 OT1 T
Ducks 8 18 12 4 42
Stars 12 5 8 1 26

GoalsPenalties
1st period
1. Stars , Elias Lindholm 10 (Evan Bouchard 16, Gustav Forsling 8) at 0:42
2. Ducks , Tyson Barrie 1 (Moritz Seider 13) at 0:54
3. Stars , Tanner Pearson 2 (Henri Jokiharju 4, Seth Jarvis 4) at 4:12
4. Ducks , Zach Hyman 9 (Ryan McDonagh 7, Patrick Kane 7) at 11:26
5. Stars , Carter Verhaeghe 7 (Timo Meier 11, Nick Jensen 5) at 12:30 (PP)
Brayden McNabb (ANA) for Roughing (Minor) at 9:06
Joe Pavelski (ANA) for Holding Stick (Minor) at 12:03
Moritz Seider (ANA) for Hooking (Minor) at 14:15
2nd period
6. Ducks , Adam Fox 4 (Adrian Kempe 9, Rasmus Dahlin 16) at 15:26
Nazem Kadri (DAL) for Tripping (Minor) at 3:21
Moritz Seider (ANA) for Slashing (Minor) at 10:10
Timo Meier (DAL) for Holding (Minor) at 15:27
3rd period
7. Ducks , Jason Robertson 9 (Joe Pavelski 9, Adrian Kempe 10) at 2:59
8. Stars , Timo Meier 11 (Sidney Crosby 17, Gustav Forsling 9) at 9:19
Sean Durzi (DAL) for Tripping (Minor) at 6:02
Henri Jokiharju (DAL) for High sticking (Minor) at 17:54
Overtime #1
9. Stars , Nazem Kadri 9 (Evan Bouchard 17) at 1:44
No Penalty
Goalie Stats
Frederik Andersen (ANA), 21 saves from 26 shots - (0.808), OTL, 14-8-3, 61:45 minutes
Pheonix Copley (DAL), 38 saves from 42 shots - (0.905), W, 6-4-2, 61:45 minutes
3 StarsOfficial
1 - Timo Meier (DAL)
2 - Evan Bouchard (DAL)
3 - Adrian Kempe (ANA)
Referees : Dean Morton and Wes McCauley
Linesman : Julien Fournier and Michel Cormier
Game Note
No Game Note
Finance
Level 1 -- Attendance: 3871 (64.52%) -- Ticket Income $677,425
Level 2 -- Attendance: 2764 (55.28%) -- Ticket Income $345,500
Level 3 -- Attendance: 1724 (86.20%) -- Ticket Income $205,156
Level 4 -- Attendance: 2499 (55.14%) -- Ticket Income $97,461
Luxury Box -- Attendance: 565 (56.50%) -- Ticket Income $169,500
Game was played at the American Airlines Center.
Total Attendance: 11423 (61.64%)
Total Ticket Income: $1,495,042
Other Income: $373,760
Total Income: $1,868,802



Team Name Goals Shots Shots Attemp Shots Blocked PIM HIT PP PK FO%
Ducks 4427748230 / 4 (0%)146%
Stars 52638128231 / 4 (25%)054%

Ducks
Player Name POS G A P +/- PIM HIT SHT SB MP PP MP PP SHT PK MP PK SHT FO% FOT
Adam FoxD1010003025:454:0813:2100% 0
Adrian KempeRW0221025020:352:5801:53050% 2
Brayden McNabbD0000220113:570:0001:1000% 0
Claude GirouxRW000-2012012:334:1604:26030% 10
Jack JohnsonD000-100014:170:0000:0000% 0
Jason RobertsonLW1010017022:114:1620:05025% 4
Joe PavelskiC0111225022:074:2611:58041% 29
Mats ZuccarelloRW0000000013:550:4200:0000% 0
Moritz SeiderD0111470019:493:4800:4600% 0
Nikolaj EhlersLW000-100102:470:0000:0000% 0
Patrick KaneRW0111002014:370:0000:0000% 0
Phillip DanaultC0000010020:473:3004:26059% 32
Pierre-Luc DuboisLW0000002013:130:0000:00067% 3
Rasmus DahlinD011-1042127:154:0824:2800% 0
Ryan McDonaghD011100118:310:0000:0000% 0
Travis BoydC0000012016:030:0000:00039% 18
Tyson BarrieD1011004022:083:4823:0300% 0
Zach HymanLW1011026018:173:4040:0000% 0
Stars
Player Name POS G A P +/- PIM HIT SHT SB MP PP MP PP SHT PK MP PK SHT FO% FOT
Anton LundellC0000022016:462:4905:49042% 24
Carter VerhaegheC1010003018:333:3520:01050% 10
Elias LindholmC101-1005016:030:0000:00075% 24
Evan BouchardD0221020225:572:0603:5500% 0
Gustav ForslingD0220000324:592:0604:0100% 0
Henri JokiharjuD011-1240017:560:0003:0100% 0
Marcus PetterssonD0000002112:130:0000:2100% 0
Nazem KadriC1010232020:003:3500:0000% 1
Nick JensenD0110000219:524:1803:4200% 0
Phil KesselRW000001117:130:0000:0000% 0
Rickard RakellRW000001108:080:0000:0000% 0
Sean DurziD000-1230120:464:1800:5200% 0
Seth JarvisC011001107:130:0000:00067% 12
Sidney CrosbyC0111003020:562:4912:06046% 24
Tanner PearsonLW101000109:200:0002:0700% 0
Timo MeierRW1120251119:123:3500:0000% 1
Viktor ArvidssonRW000000308:080:0000:00050% 2
Vincent TrocheckC000-1011124:002:4905:4900% 0



Play-by-Play

1st period


0:01 of 1st period - Joe Pavelski wins face-off versus Nazem Kadri in neutral zone.
0:04 of 1st period - Elias Lindholm is hit by Joe Pavelski and loses puck.
0:12 of 1st period - Elias Lindholm is hit by Rasmus Dahlin and loses puck.
0:36 of 1st period - Shot by Vincent Trocheck.
0:36 of 1st period - Shot Misses the Net.
0:42 of 1st period - Shot by Elias Lindholm.
0:42 of 1st period - Goal by Elias Lindholm - Ducks : 0 - Stars : 1.
0:43 of 1st period - Sidney Crosby wins face-off versus Travis Boyd in neutral zone.
0:54 of 1st period - Shot by Tyson Barrie.
0:54 of 1st period - Goal by Tyson Barrie - Ducks : 1 - Stars : 1.
0:55 of 1st period - Anton Lundell wins face-off versus Phillip Danault in neutral zone.
1:11 of 1st period - Shot by Rickard Rakell.
1:11 of 1st period - Shot Blocked by Brayden McNabb.
1:13 of 1st period - Shot by Marcus Pettersson.
1:13 of 1st period - Stopped by Frederik Andersen without a rebound.
1:14 of 1st period - Travis Boyd wins face-off versus Sidney Crosby in Ducks zone.
1:40 of 1st period - Zach Hyman is hit by Henri Jokiharju and loses puck.
1:59 of 1st period - Shot by Zach Hyman.
1:59 of 1st period - Shot Misses the Net.
2:34 of 1st period - Icing by Brayden McNabb.
2:35 of 1st period - Phillip Danault wins face-off versus Anton Lundell in Ducks zone.
2:47 of 1st period - Icing by Nick Jensen.
2:48 of 1st period - Anton Lundell wins face-off versus Claude Giroux in Stars zone.
3:14 of 1st period - Icing by Adam Fox.
3:15 of 1st period - Elias Lindholm wins face-off versus Claude Giroux in Ducks zone.
3:20 of 1st period - Shot by Vincent Trocheck.
3:20 of 1st period - Shot Misses the Net.
3:30 of 1st period - Shot by Vincent Trocheck.
3:30 of 1st period - Shot Misses the Net.
3:32 of 1st period - Shot by Elias Lindholm.
3:32 of 1st period - Stopped by Frederik Andersen without a rebound.
3:33 of 1st period - Seth Jarvis wins face-off versus Travis Boyd in Ducks zone.
4:12 of 1st period - Shot by Tanner Pearson.
4:12 of 1st period - Goal by Tanner Pearson - Ducks : 1 - Stars : 2.
4:13 of 1st period - Joe Pavelski wins face-off versus Elias Lindholm in neutral zone.
4:57 of 1st period - Shot by Jason Robertson.
4:57 of 1st period - Shot Misses the Net.
4:59 of 1st period - Shot by Jason Robertson.
4:59 of 1st period - Shot Misses the Net.
5:08 of 1st period - Icing by Elias Lindholm.
5:09 of 1st period - Elias Lindholm wins face-off versus Phillip Danault in Stars zone.
5:15 of 1st period - Gustav Forsling is hit by Rasmus Dahlin and loses puck.
5:19 of 1st period - Icing by Adam Fox.
5:20 of 1st period - Sidney Crosby wins face-off versus Phillip Danault in Ducks zone.
6:34 of 1st period - Shot by Patrick Kane.
6:34 of 1st period - Shot Misses the Net.
6:36 of 1st period - Shot by Moritz Seider.
6:36 of 1st period - Shot Misses the Net.
6:38 of 1st period - Shot by Tyson Barrie.
6:38 of 1st period - Shot Misses the Net.
6:40 of 1st period - Shot by Travis Boyd.
6:40 of 1st period - Shot Misses the Net.
7:08 of 1st period - Shot by Jason Robertson.
7:08 of 1st period - Shot Blocked by Timo Meier.
7:10 of 1st period - Shot by Ryan McDonagh.
7:10 of 1st period - Stopped by Pheonix Copley with a rebound.
7:12 of 1st period - Shot by Adrian Kempe.
7:12 of 1st period - Stopped by Pheonix Copley without a rebound.
7:13 of 1st period - Claude Giroux wins face-off versus Anton Lundell in Stars zone.
7:20 of 1st period - Shot by Viktor Arvidsson.
7:20 of 1st period - Stopped by Frederik Andersen without a rebound.
7:21 of 1st period - Joe Pavelski wins face-off versus Elias Lindholm in Ducks zone.
7:31 of 1st period - Off-side.
7:32 of 1st period - Phillip Danault wins face-off versus Anton Lundell in neutral zone.
7:52 of 1st period - Shot by Anton Lundell.
7:52 of 1st period - Stopped by Frederik Andersen without a rebound.
7:53 of 1st period - Elias Lindholm wins face-off versus Joe Pavelski in Ducks zone.
7:56 of 1st period - Shot by Elias Lindholm.
7:56 of 1st period - Shot Misses the Net.
8:22 of 1st period - Shot by Adrian Kempe.
8:22 of 1st period - Stopped by Pheonix Copley without a rebound.
8:23 of 1st period - Anton Lundell wins face-off versus Travis Boyd in Stars zone.
8:34 of 1st period - Shot by Zach Hyman.
8:34 of 1st period - Shot Misses the Net.
8:51 of 1st period - Shot by Anton Lundell.
8:51 of 1st period - Stopped by Frederik Andersen with a rebound.
8:53 of 1st period - Shot by Anton Lundell.
8:53 of 1st period - Deflect By Viktor Arvidsson.
8:53 of 1st period - Shot Misses the Net.
8:57 of 1st period - Shot by Rickard Rakell.
8:57 of 1st period - Stopped by Frederik Andersen without a rebound.
8:58 of 1st period - Elias Lindholm wins face-off versus Joe Pavelski in Ducks zone.
9:01 of 1st period - Shot by Elias Lindholm.
9:01 of 1st period - Stopped by Frederik Andersen without a rebound.
9:02 of 1st period - Elias Lindholm wins face-off versus Joe Pavelski in Ducks zone.
9:06 of 1st period - Minor Penalty to Brayden McNabb for Roughing.
9:07 of 1st period - Phillip Danault wins face-off versus Sidney Crosby in Ducks zone.
9:17 of 1st period - Icing by Anton Lundell.
9:18 of 1st period - Sidney Crosby wins face-off versus Phillip Danault in Stars zone.
10:10 of 1st period - Sean Durzi is hit by Rasmus Dahlin and loses puck.
10:48 of 1st period - Off-side.
10:49 of 1st period - Phillip Danault wins face-off versus Carter Verhaeghe in neutral zone.
11:22 of 1st period - Shot by Zach Hyman.
11:22 of 1st period - Deflect By Patrick Kane.
11:22 of 1st period - Stopped by Pheonix Copley with a rebound.
11:26 of 1st period - Shot by Zach Hyman.
11:26 of 1st period - Goal by Zach Hyman - Ducks : 2 - Stars : 2.
11:27 of 1st period - Jason Robertson wins face-off versus Anton Lundell in neutral zone.
11:42 of 1st period - Shot by Joe Pavelski.
11:42 of 1st period - Stopped by Pheonix Copley with a rebound.
11:50 of 1st period - Shot by Jason Robertson.
11:50 of 1st period - Shot Blocked by Gustav Forsling.
12:03 of 1st period - Minor Penalty to Joe Pavelski for Holding Stick.
12:04 of 1st period - Carter Verhaeghe wins face-off versus Phillip Danault in Ducks zone.
12:13 of 1st period - Shot by Sean Durzi.
12:13 of 1st period - Shot Blocked by Rasmus Dahlin.
12:23 of 1st period - Adam Fox is hit by Timo Meier and loses puck.
12:30 of 1st period - Shot by Timo Meier.
12:30 of 1st period - Deflect By Carter Verhaeghe.
12:30 of 1st period - Goal by Carter Verhaeghe - Ducks : 2 - Stars : 3.
12:31 of 1st period - Seth Jarvis wins face-off versus Travis Boyd in neutral zone.
12:31 of 1st period - Marcus Pettersson is hit by Zach Hyman and loses puck.
12:47 of 1st period - Shot by Phil Kessel.
12:47 of 1st period - Deflect By Seth Jarvis.
12:47 of 1st period - Stopped by Frederik Andersen without a rebound.
12:48 of 1st period - Elias Lindholm wins face-off versus Pierre-Luc Dubois in Ducks zone.
12:52 of 1st period - Icing by Rasmus Dahlin.
12:53 of 1st period - Elias Lindholm wins face-off versus Phillip Danault in Ducks zone.
14:15 of 1st period - Minor Penalty to Moritz Seider for Hooking.
14:16 of 1st period - Phillip Danault wins face-off versus Sidney Crosby in Ducks zone.
14:23 of 1st period - Shot by Sidney Crosby.
14:23 of 1st period - Stopped by Frederik Andersen without a rebound.
14:24 of 1st period - Phillip Danault wins face-off versus Carter Verhaeghe in Ducks zone.
14:42 of 1st period - Icing by Nick Jensen.
14:43 of 1st period - Carter Verhaeghe wins face-off versus Phillip Danault in Stars zone.
14:53 of 1st period - Icing by Sean Durzi.
14:54 of 1st period - Carter Verhaeghe wins face-off versus Phillip Danault in Stars zone.
15:13 of 1st period - Icing by Timo Meier.
15:14 of 1st period - Carter Verhaeghe wins face-off versus Phillip Danault in Stars zone.
17:52 of 1st period - Viktor Arvidsson is hit by Rasmus Dahlin and loses puck.
19:34 of 1st period - Off-side.
19:35 of 1st period - Travis Boyd wins face-off versus Seth Jarvis in neutral zone.
19:42 of 1st period - Shot by Zach Hyman.
19:42 of 1st period - Stopped by Pheonix Copley without a rebound.
19:43 of 1st period - Elias Lindholm wins face-off versus Claude Giroux in Stars zone.
19:53 of 1st period - Claude Giroux is hit by Henri Jokiharju and loses puck.
Goals for this period are 2 for Ducks vs 3 for Stars.
Shots for this period are 8 for Ducks vs 12 for Stars.

2nd period


0:01 of 2nd period - Joe Pavelski wins face-off versus Timo Meier in neutral zone.
0:40 of 2nd period - Adam Fox is hit by Timo Meier and loses puck.
1:28 of 2nd period - Shot by Vincent Trocheck.
1:28 of 2nd period - Stopped by Frederik Andersen without a rebound.
1:29 of 2nd period - Pierre-Luc Dubois wins face-off versus Anton Lundell in Ducks zone.
1:41 of 2nd period - Ryan McDonagh is hit by Anton Lundell and loses puck.
2:45 of 2nd period - Icing by Phillip Danault.
2:46 of 2nd period - Phillip Danault wins face-off versus Sidney Crosby in Ducks zone.
2:46 of 2nd period - Phillip Danault is hit by Timo Meier.
2:57 of 2nd period - Ryan McDonagh is hit by Timo Meier.
3:17 of 2nd period - Shot by Carter Verhaeghe.
3:17 of 2nd period - Stopped by Frederik Andersen without a rebound.
3:18 of 2nd period - Joe Pavelski wins face-off versus Elias Lindholm in Ducks zone.
3:18 of 2nd period - Joe Pavelski is hit by Nazem Kadri.
3:21 of 2nd period - Minor Penalty to Nazem Kadri for Tripping.
3:22 of 2nd period - Claude Giroux wins face-off versus Anton Lundell in Stars zone.
4:01 of 2nd period - Shot by Joe Pavelski.
4:01 of 2nd period - Stopped by Pheonix Copley without a rebound.
4:02 of 2nd period - Joe Pavelski wins face-off versus Anton Lundell in Stars zone.
4:11 of 2nd period - Shot by Zach Hyman.
4:11 of 2nd period - Stopped by Pheonix Copley without a rebound.
4:12 of 2nd period - Phillip Danault wins face-off versus Anton Lundell in Stars zone.
4:13 of 2nd period - Shot by Zach Hyman.
4:13 of 2nd period - Stopped by Pheonix Copley without a rebound.
4:14 of 2nd period - Anton Lundell wins face-off versus Joe Pavelski in Stars zone.
4:14 of 2nd period - Anton Lundell is hit by Jason Robertson.
4:27 of 2nd period - Shot by Jason Robertson.
4:27 of 2nd period - Shot Misses the Net.
4:29 of 2nd period - Shot by Adam Fox.
4:29 of 2nd period - Stopped by Pheonix Copley without a rebound.
4:30 of 2nd period - Anton Lundell wins face-off versus Adrian Kempe in Stars zone.
4:41 of 2nd period - Shot by Tyson Barrie.
4:41 of 2nd period - Stopped by Pheonix Copley with a rebound.
4:43 of 2nd period - Shot by Zach Hyman.
4:43 of 2nd period - Stopped by Pheonix Copley without a rebound.
4:44 of 2nd period - Anton Lundell wins face-off versus Jason Robertson in Stars zone.
4:44 of 2nd period - Anton Lundell is hit by Claude Giroux.
5:04 of 2nd period - Shot by Rasmus Dahlin.
5:04 of 2nd period - Shot Blocked by Nick Jensen.
5:06 of 2nd period - Shot by Rasmus Dahlin.
5:06 of 2nd period - Stopped by Pheonix Copley without a rebound.
5:07 of 2nd period - Phillip Danault wins face-off versus Anton Lundell in Stars zone.
5:34 of 2nd period - Zach Hyman is hit by Sean Durzi and loses puck.
5:50 of 2nd period - Shot by Travis Boyd.
5:50 of 2nd period - Shot Blocked by Sean Durzi.
5:52 of 2nd period - Shot by Travis Boyd.
5:52 of 2nd period - Stopped by Pheonix Copley without a rebound.
5:53 of 2nd period - Seth Jarvis wins face-off versus Joe Pavelski in Stars zone.
6:06 of 2nd period - Shot by Jason Robertson.
6:06 of 2nd period - Stopped by Pheonix Copley without a rebound.
6:07 of 2nd period - Elias Lindholm wins face-off versus Phillip Danault in Stars zone.
6:29 of 2nd period - Nick Jensen is hit by Moritz Seider and loses puck.
6:38 of 2nd period - Shot by Tyson Barrie.
6:38 of 2nd period - Stopped by Pheonix Copley without a rebound.
6:39 of 2nd period - Joe Pavelski wins face-off versus Sidney Crosby in Stars zone.
6:59 of 2nd period - Icing by Evan Bouchard.
7:00 of 2nd period - Travis Boyd wins face-off versus Carter Verhaeghe in Stars zone.
8:13 of 2nd period - Icing by Adam Fox.
8:14 of 2nd period - Anton Lundell wins face-off versus Joe Pavelski in Ducks zone.
8:42 of 2nd period - Icing by Nick Jensen.
8:43 of 2nd period - Pierre-Luc Dubois wins face-off versus Viktor Arvidsson in Stars zone.
9:23 of 2nd period - Icing by Nick Jensen.
9:24 of 2nd period - Viktor Arvidsson wins face-off versus Travis Boyd in Stars zone.
9:28 of 2nd period - Off-side.
9:29 of 2nd period - Elias Lindholm wins face-off versus Joe Pavelski in neutral zone.
9:47 of 2nd period - Shot by Jason Robertson.
9:47 of 2nd period - Shot Blocked by Vincent Trocheck.
9:49 of 2nd period - Shot by Adrian Kempe.
9:49 of 2nd period - Stopped by Pheonix Copley without a rebound.
9:50 of 2nd period - Travis Boyd wins face-off versus Sidney Crosby in Stars zone.
10:06 of 2nd period - Sidney Crosby is hit by Moritz Seider and loses puck.
10:10 of 2nd period - Minor Penalty to Moritz Seider for Slashing.
10:11 of 2nd period - Phillip Danault wins face-off versus Sidney Crosby in Ducks zone.
11:14 of 2nd period - Icing by Timo Meier.
11:15 of 2nd period - Phillip Danault wins face-off versus Carter Verhaeghe in Stars zone.
11:24 of 2nd period - Shot by Carter Verhaeghe.
11:24 of 2nd period - Stopped by Frederik Andersen without a rebound.
11:25 of 2nd period - Phillip Danault wins face-off versus Carter Verhaeghe in Ducks zone.
12:20 of 2nd period - Shot by Travis Boyd.
12:20 of 2nd period - Deflect By Patrick Kane.
12:20 of 2nd period - Stopped by Pheonix Copley without a rebound.
12:21 of 2nd period - Anton Lundell wins face-off versus Jason Robertson in Stars zone.
12:31 of 2nd period - Adrian Kempe is hit by Anton Lundell and loses puck.
13:04 of 2nd period - Shot by Joe Pavelski.
13:04 of 2nd period - Stopped by Pheonix Copley without a rebound.
13:05 of 2nd period - Elias Lindholm wins face-off versus Travis Boyd in Stars zone.
13:30 of 2nd period - Vincent Trocheck is hit by Travis Boyd and loses puck.
14:06 of 2nd period - Timo Meier is hit by Moritz Seider and loses puck.
14:11 of 2nd period - Shot by Timo Meier.
14:11 of 2nd period - Deflect By Sidney Crosby.
14:11 of 2nd period - Stopped by Frederik Andersen without a rebound.
14:12 of 2nd period - Seth Jarvis wins face-off versus Joe Pavelski in Ducks zone.
14:26 of 2nd period - Off-side.
14:27 of 2nd period - Phillip Danault wins face-off versus Sidney Crosby in neutral zone.
14:27 of 2nd period - Phillip Danault is hit by Timo Meier.
14:32 of 2nd period - Icing by Carter Verhaeghe.
14:33 of 2nd period - Carter Verhaeghe wins face-off versus Joe Pavelski in Stars zone.
14:33 of 2nd period - Marcus Pettersson is hit by Adrian Kempe and loses puck.
14:38 of 2nd period - Shot by Adrian Kempe.
14:38 of 2nd period - Shot Hit the Post.
14:42 of 2nd period - Shot by Jason Robertson.
14:42 of 2nd period - Shot Misses the Net.
15:01 of 2nd period - Icing by Jason Robertson.
15:02 of 2nd period - Elias Lindholm wins face-off versus Joe Pavelski in Ducks zone.
15:24 of 2nd period - Shot by Adrian Kempe.
15:24 of 2nd period - Stopped by Pheonix Copley with a rebound.
15:26 of 2nd period - Shot by Adam Fox.
15:26 of 2nd period - Goal by Adam Fox - Ducks : 3 - Stars : 3.
15:27 of 2nd period - Phillip Danault wins face-off versus Sidney Crosby in neutral zone.
15:27 of 2nd period - Minor Penalty to Timo Meier for Holding.
15:28 of 2nd period - Adrian Kempe wins face-off versus Anton Lundell in Stars zone.
16:41 of 2nd period - Shot by Adam Fox.
16:41 of 2nd period - Deflect By Jason Robertson.
16:41 of 2nd period - Stopped by Pheonix Copley without a rebound.
16:42 of 2nd period - Sidney Crosby wins face-off versus Joe Pavelski in Stars zone.
16:58 of 2nd period - Shot by Rasmus Dahlin.
16:58 of 2nd period - Shot Misses the Net.
17:00 of 2nd period - Shot by Rasmus Dahlin.
17:00 of 2nd period - Stopped by Pheonix Copley without a rebound.
17:01 of 2nd period - Joe Pavelski wins face-off versus Anton Lundell in Stars zone.
17:12 of 2nd period - Shot by Tyson Barrie.
17:12 of 2nd period - Shot Blocked by Gustav Forsling.
17:21 of 2nd period - Icing by Moritz Seider.
17:22 of 2nd period - Sidney Crosby wins face-off versus Joe Pavelski in Ducks zone.
18:19 of 2nd period - Icing by Rasmus Dahlin.
18:20 of 2nd period - Phillip Danault wins face-off versus Elias Lindholm in Ducks zone.
18:20 of 2nd period - Adam Fox is hit by Nazem Kadri.
18:45 of 2nd period - Shot by Elias Lindholm.
18:45 of 2nd period - Stopped by Frederik Andersen with a rebound.
19:08 of 2nd period - Zach Hyman is hit by Evan Bouchard and loses puck.
19:12 of 2nd period - Icing by Gustav Forsling.
19:13 of 2nd period - Elias Lindholm wins face-off versus Joe Pavelski in Stars zone.
19:13 of 2nd period - Elias Lindholm is hit by Adrian Kempe.
19:18 of 2nd period - Icing by Evan Bouchard.
19:19 of 2nd period - Joe Pavelski wins face-off versus Elias Lindholm in Stars zone.
19:19 of 2nd period - Jason Robertson is hit by Evan Bouchard and loses puck.
19:42 of 2nd period - Shot by Jason Robertson.
19:42 of 2nd period - Stopped by Pheonix Copley with a rebound.
Goals for this period are 1 for Ducks vs 0 for Stars.
Shots for this period are 18 for Ducks vs 5 for Stars.

3rd period


0:01 of 3rd period - Sidney Crosby wins face-off versus Claude Giroux in neutral zone.
0:13 of 3rd period - Icing by Adam Fox.
0:14 of 3rd period - Elias Lindholm wins face-off versus Claude Giroux in Ducks zone.
0:40 of 3rd period - Shot by Claude Giroux.
0:40 of 3rd period - Deflect By Nikolaj Ehlers.
0:40 of 3rd period - Stopped by Pheonix Copley without a rebound.
0:41 of 3rd period - Sidney Crosby wins face-off versus Travis Boyd in Stars zone.
0:41 of 3rd period - Gustav Forsling is hit by Zach Hyman and loses puck.
1:25 of 3rd period - Icing by Moritz Seider.
1:26 of 3rd period - Elias Lindholm wins face-off versus Travis Boyd in Ducks zone.
1:30 of 3rd period - Elias Lindholm is hit by Moritz Seider and loses puck.
1:38 of 3rd period - Vincent Trocheck is hit by Moritz Seider and loses puck.
1:43 of 3rd period - Shot by Elias Lindholm.
1:43 of 3rd period - Shot Misses the Net.
1:45 of 3rd period - Shot by Nazem Kadri.
1:45 of 3rd period - Stopped by Frederik Andersen without a rebound.
1:46 of 3rd period - Seth Jarvis wins face-off versus Phillip Danault in Ducks zone.
2:17 of 3rd period - Shot by Phillip Danault.
2:17 of 3rd period - Shot Blocked by Phil Kessel.
2:19 of 3rd period - Shot by Pierre-Luc Dubois.
2:19 of 3rd period - Stopped by Pheonix Copley without a rebound.
2:20 of 3rd period - Elias Lindholm wins face-off versus Joe Pavelski in Stars zone.
2:22 of 3rd period - Nazem Kadri is hit by Joe Pavelski and loses puck.
2:27 of 3rd period - Shot by Jason Robertson.
2:27 of 3rd period - Shot Misses the Net.
2:41 of 3rd period - Shot by Jason Robertson.
2:41 of 3rd period - Shot Misses the Net.
2:59 of 3rd period - Shot by Jason Robertson.
2:59 of 3rd period - Goal by Jason Robertson - Ducks : 4 - Stars : 3.
3:00 of 3rd period - Sidney Crosby wins face-off versus Phillip Danault in neutral zone.
3:46 of 3rd period - Icing by Henri Jokiharju.
3:47 of 3rd period - Joe Pavelski wins face-off versus Sidney Crosby in Stars zone.
5:07 of 3rd period - Anton Lundell is hit by Moritz Seider and loses puck.
5:13 of 3rd period - Rickard Rakell is hit by Moritz Seider.
5:25 of 3rd period - Shot by Anton Lundell.
5:25 of 3rd period - Deflect By Viktor Arvidsson.
5:25 of 3rd period - Stopped by Frederik Andersen with a rebound.
5:27 of 3rd period - Shot by Marcus Pettersson.
5:27 of 3rd period - Stopped by Frederik Andersen without a rebound.
5:28 of 3rd period - Travis Boyd wins face-off versus Seth Jarvis in Ducks zone.
5:28 of 3rd period - Travis Boyd is hit by Phil Kessel.
5:55 of 3rd period - Icing by Sean Durzi.
5:56 of 3rd period - Phillip Danault wins face-off versus Seth Jarvis in Stars zone.
5:56 of 3rd period - Ryan McDonagh is hit by Henri Jokiharju and loses puck.
6:02 of 3rd period - Minor Penalty to Sean Durzi for Tripping.
6:03 of 3rd period - Phillip Danault wins face-off versus Anton Lundell in Stars zone.
6:28 of 3rd period - Shot by Adam Fox.
6:28 of 3rd period - Shot Misses the Net.
6:44 of 3rd period - Shot by Zach Hyman.
6:44 of 3rd period - Stopped by Pheonix Copley without a rebound.
6:45 of 3rd period - Joe Pavelski wins face-off versus Sidney Crosby in Stars zone.
7:14 of 3rd period - Shot by Jason Robertson.
7:14 of 3rd period - Shot Misses the Net.
8:06 of 3rd period - Shot by Sidney Crosby.
8:06 of 3rd period - Stopped by Frederik Andersen with a rebound.
8:09 of 3rd period - Icing by Brayden McNabb.
8:10 of 3rd period - Travis Boyd wins face-off versus Seth Jarvis in Ducks zone.
8:10 of 3rd period - Travis Boyd is hit by Seth Jarvis.
8:23 of 3rd period - Icing by Henri Jokiharju.
8:24 of 3rd period - Seth Jarvis wins face-off versus Claude Giroux in Stars zone.
8:50 of 3rd period - Phil Kessel is hit by Brayden McNabb and loses puck.
8:57 of 3rd period - Shot by Seth Jarvis.
8:57 of 3rd period - Shot Blocked by Jack Johnson.
9:17 of 3rd period - Shot by Sidney Crosby.
9:17 of 3rd period - Shot Misses the Net.
9:19 of 3rd period - Shot by Timo Meier.
9:19 of 3rd period - Goal by Timo Meier - Ducks : 4 - Stars : 4.
9:20 of 3rd period - Travis Boyd wins face-off versus Elias Lindholm in neutral zone.
9:43 of 3rd period - Shot by Nazem Kadri.
9:43 of 3rd period - Deflect By Elias Lindholm.
9:43 of 3rd period - Stopped by Frederik Andersen with a rebound.
10:23 of 3rd period - Shot by Pierre-Luc Dubois.
10:23 of 3rd period - Shot Blocked by Marcus Pettersson.
10:29 of 3rd period - Shot by Mats Zuccarello.
10:29 of 3rd period - Deflect By Pierre-Luc Dubois.
10:29 of 3rd period - Shot Misses the Net.
11:19 of 3rd period - Shot by Joe Pavelski.
11:19 of 3rd period - Stopped by Pheonix Copley with a rebound.
11:41 of 3rd period - Shot by Jason Robertson.
11:41 of 3rd period - Stopped by Pheonix Copley without a rebound.
11:42 of 3rd period - Anton Lundell wins face-off versus Travis Boyd in Stars zone.
12:09 of 3rd period - Shot by Viktor Arvidsson.
12:09 of 3rd period - Stopped by Frederik Andersen without a rebound.
12:10 of 3rd period - Phillip Danault wins face-off versus Sidney Crosby in Ducks zone.
12:15 of 3rd period - Shot by Tyson Barrie.
12:15 of 3rd period - Shot Blocked by Gustav Forsling.
12:24 of 3rd period - Off-side.
12:25 of 3rd period - Seth Jarvis wins face-off versus Travis Boyd in neutral zone.
12:30 of 3rd period - Shot by Phil Kessel.
12:30 of 3rd period - Stopped by Frederik Andersen with a rebound.
13:08 of 3rd period - Shot by Travis Boyd.
13:08 of 3rd period - Stopped by Pheonix Copley with a rebound.
13:10 of 3rd period - Shot by Adam Fox.
13:10 of 3rd period - Stopped by Pheonix Copley without a rebound.
13:11 of 3rd period - Sidney Crosby wins face-off versus Joe Pavelski in Stars zone.
13:21 of 3rd period - Icing by Adrian Kempe.
13:22 of 3rd period - Elias Lindholm wins face-off versus Joe Pavelski in Ducks zone.
13:36 of 3rd period - Joe Pavelski is hit by Nazem Kadri and loses puck.
14:56 of 3rd period - Icing by Sean Durzi.
14:57 of 3rd period - Sidney Crosby wins face-off versus Travis Boyd in Stars zone.
15:19 of 3rd period - Shot by Sidney Crosby.
15:19 of 3rd period - Shot Blocked by Ryan McDonagh.
15:26 of 3rd period - Timo Meier is hit by Brayden McNabb and loses puck.
15:40 of 3rd period - Patrick Kane is hit by Rickard Rakell and loses puck.
16:25 of 3rd period - Shot by Jason Robertson.
16:25 of 3rd period - Stopped by Pheonix Copley without a rebound.
16:26 of 3rd period - Seth Jarvis wins face-off versus Phillip Danault in Stars zone.
16:26 of 3rd period - Seth Jarvis is hit by Phillip Danault.
16:52 of 3rd period - Shot by Pierre-Luc Dubois.
16:52 of 3rd period - Stopped by Pheonix Copley with a rebound.
17:06 of 3rd period - Shot by Phillip Danault.
17:06 of 3rd period - Deflect By Pierre-Luc Dubois.
17:06 of 3rd period - Shot Misses the Net.
17:08 of 3rd period - Shot by Phillip Danault.
17:08 of 3rd period - Shot Blocked by Evan Bouchard.
17:43 of 3rd period - Brayden McNabb is hit by Sean Durzi and loses puck.
17:53 of 3rd period - Zach Hyman is hit by Henri Jokiharju and loses puck.
17:54 of 3rd period - Minor Penalty to Henri Jokiharju for High sticking.
17:55 of 3rd period - Anton Lundell wins face-off versus Jason Robertson in Stars zone.
18:23 of 3rd period - Claude Giroux is hit by Sean Durzi and loses puck.
18:32 of 3rd period - Shot by Jason Robertson.
18:32 of 3rd period - Stopped by Pheonix Copley without a rebound.
18:33 of 3rd period - Phillip Danault wins face-off versus Anton Lundell in Stars zone.
18:36 of 3rd period - Shot by Zach Hyman.
18:36 of 3rd period - Shot Misses the Net.
18:38 of 3rd period - Shot by Rasmus Dahlin.
18:38 of 3rd period - Shot Blocked by Evan Bouchard.
18:52 of 3rd period - Shot by Adam Fox.
18:52 of 3rd period - Shot Misses the Net.
18:54 of 3rd period - Shot by Adrian Kempe.
18:54 of 3rd period - Shot Blocked by Nick Jensen.
18:56 of 3rd period - Shot by Phillip Danault.
18:56 of 3rd period - Shot Misses the Net.
19:34 of 3rd period - Shot by Tyson Barrie.
19:34 of 3rd period - Stopped by Pheonix Copley without a rebound.
19:35 of 3rd period - Joe Pavelski wins face-off versus Anton Lundell in Stars zone.
19:36 of 3rd period - Shot by Tyson Barrie.
19:36 of 3rd period - Shot Misses the Net.
19:45 of 3rd period - Moritz Seider is hit by Vincent Trocheck.
Goals for this period are 1 for Ducks vs 1 for Stars.
Shots for this period are 12 for Ducks vs 8 for Stars.

Overtime #1


0:01 of 1st overtime period - Sidney Crosby wins face-off versus Claude Giroux in neutral zone.
0:41 of 1st overtime period - Shot by Claude Giroux.
0:41 of 1st overtime period - Stopped by Pheonix Copley without a rebound.
0:42 of 1st overtime period - Elias Lindholm wins face-off versus Joe Pavelski in Stars zone.
1:14 of 1st overtime period - Shot by Joe Pavelski.
1:14 of 1st overtime period - Shot Misses the Net.
1:16 of 1st overtime period - Shot by Joe Pavelski.
1:16 of 1st overtime period - Stopped by Pheonix Copley with a rebound.
1:22 of 1st overtime period - Shot by Adrian Kempe.
1:22 of 1st overtime period - Stopped by Pheonix Copley without a rebound.
1:23 of 1st overtime period - Claude Giroux wins face-off versus Sidney Crosby in Stars zone.
1:30 of 1st overtime period - Shot by Claude Giroux.
1:30 of 1st overtime period - Stopped by Pheonix Copley with a rebound.
1:42 of 1st overtime period - Shot by Nazem Kadri.
1:42 of 1st overtime period - Shot Misses the Net.
1:44 of 1st overtime period - Shot by Nazem Kadri.
1:44 of 1st overtime period - Goal by Nazem Kadri - Ducks : 4 - Stars : 5.
Goals for this period are 0 for Ducks vs 1 for Stars.
Shots for this period are 4 for Ducks vs 1 for Stars.